 Dungeon Crawl Stone Soup version 0.22.0-6-g71bd7aa (webtiles) character file.

94 sking99 the Grave Robber (level 4, -1/33 HPs)
             Began as a Mummy Necromancer on Aug 15, 2018.
             Killed by divine providence
             ... invoked by an orc priest
              (14 damage)
             ... on level 3 of the Dungeon.
             The game lasted 00:11:53 (2765 turns).

sking99 the Grave Robber (Mummy Necromancer)        Turns: 2765, Time: 00:11:54

Health: -1/33      AC:  2    Str: 11    XL:     4   Next: 38%
Magic:  1/10       EV: 12    Int: 15    God:
Gold:   160        SH:  0    Dex: 12    Spells: 9/11 levels left

rFire    x . .     SeeInvis .   (no weapon)
rCold    + . .     Gourm    .   (no shield)
rNeg     + + +     Faith    .   a - +0 robe
rPois    ∞         Spirit   .   (no helmet)
rElec    .         Reflect  .   (no cloak)
rCorr    .         Harm     .   (no gloves)
MR       .....                  (no boots)
Stlth    ++........             (no amulet)
HPRegen  0.11/turn              (no ring)
MPRegen  0.12/turn              (no ring)

@: no status effects
A: no food or potions, fire vulnerability, cold resistance 1, negative energy
resistance 3, torment resistance, unbreathing
a: no special abilities


You were on level 3 of the Dungeon.
You were not hungry.

You visited 1 branch of the dungeon, and saw 3 of its levels.

You collected 160 gold pieces.

Inventory:

Armour
 a - a +0 robe (worn)
Scrolls
 b - a scroll of fog {unknown}
 c - a scroll of remove curse
 d - 2 scrolls of immolation
 e - a scroll of blinking
 f - 2 scrolls of teleportation


   Skills:
 + Level 2.1 Fighting
 - Level 1.6 Dodging
 - Level 1.6 Stealth
 + Level 4.0 Spellcasting
 + Level 4.7 Necromancy


You had 9 spell levels left.
You knew the following spells:

 Your Spells              Type           Power        Failure   Level  Hunger
a - Pain                  Necr           ###.         2%          1    N/A
b - Animate Skeleton      Necr           N/A          2%          1    N/A

Your spell library contained the following spells:

 Spells                   Type           Power        Failure   Level  Hunger
 Animate Dead             Necr           N/A          26%         4    N/A
 Vampiric Draining        Necr           ###.......   8%          3    N/A
 Regeneration             Chrm/Necr      ##........   21%         3    N/A

Dungeon Overview and Level Annotations

Branches:
Dungeon (3/15)

Altars:


Innate Abilities, Weirdness & Mutations

You do not eat or drink.
Your flesh is vulnerable to fire.
You are immune to poison.
Your flesh is cold resistant. (rC+)
You are immune to negative energy. (rN+++)
You are immune to unholy pain and torment.
You can survive without breathing.


Message History

Press: ? - help, Shift-Dir - straight line, f/p - orc priest
Aim: an orc priest, wielding a mace and wearing a leather armour (severely wounded, chance to defeat MR: 76%)
The orc priest writhes in agony!
The orc priest closely misses you.
Casting: Pain (safe; 2% risk of failure)
Confirm with . or Enter, or press ? or * to list all spells.
Aiming: Pain (safe; 2% risk of failure)
Press: ? - help, Shift-Dir - straight line, f/p - orc priest
Aim: an orc priest, wielding a mace and wearing a leather armour (almost dead, chance to defeat MR: 76%)
The orc priest barely resists.
The orc priest barely misses you.
The orc wizard gestures wildly while chanting.
The orc wizard blinks!
Casting: Pain (safe; 2% risk of failure)
Confirm with . or Enter, or press ? or * to list all spells.
Aiming: Pain (safe; 2% risk of failure)
Press: ? - help, Shift-Dir - straight line, f/p - orc priest
Aim: an orc priest, wielding a mace and wearing a leather armour (severely wounded, chance to defeat MR: 76%)
The orc priest barely resists.
The orc priest mumbles some strange prayers to Beogh against you.
Beogh smites you!
You die...

#....######.#
#..#......... #..wg#
#...###.# #..#.........
#....# ##.#.....#
#............ #....#
#..#.##### #o#..........
#....# #.##'####
####.o.......... #....#
#.......###..o.......#####
#....#
#.......'.#..o.o......####
######
##......#.#......%....##..
#......#@#.o..%..........
#......#o#.......)..###..
####'###§)..........# #..
#.# ###).........# #.. #.#
#######..#####.. #.#
##>......# #.# #######..
#.# #.# #<# #..


You could see an orc priest.

Vanquished Creatures
  2 adders (D:2)
  4 leopard geckos
  2 orcs (D:3)
  3 bats
  A giant cockroach (D:1)
  4 goblins
  4 hobgoblins
  2 quokkas
  4 frilled lizards
  5 kobolds
  14 rats
45 creatures vanquished.

Vanquished Creatures (collateral kills)
  Natasha (D:3)
  An ooze (D:2)
  A dart slug (D:1)
  2 orcs (D:3)
  A goblin (D:2)
6 creatures vanquished.

Grand Total: 51 creatures vanquished

Notes
Turn   | Place    | Note
-------+----------+-------------------------------------------
     0 | D:1      | sking99 the Mummy Necromancer began the quest for the Orb.
     0 | D:1      | Reached XP level 1. HP: 13/13 MP: 4/4
    55 | D:1      | Learned a level 1 spell: Animate Skeleton
   253 | D:1      | Reached XP level 2. HP: 20/20 MP: 3/6
   747 | D:2      | Reached skill level 1 in Fighting
  1247 | D:2      | Reached XP level 3. HP: 26/26 MP: 3/7
  2535 | D:3      | Noticed Natasha
  2543 | D:3      | Killed Natasha
  2543 | D:3      | Reached XP level 4. HP: 20/33 MP: 1/9
  2765 | D:3      | Killed from afar by an orc priest

Skill      XL: |  1  2  3  4 |
---------------+-------------+-----
Spellcasting   | 3 4 |  4.0
Fighting       | 1 2 |  2.1
Dodging        | |  1.6
Stealth        | |  1.6
Necromancy     | |  4.7

Action                   |  1- 3 |  4- 6 || total
-------------------------+-------+-------++-------
Melee: Unarmed           |     1 |     1 ||     2
 Cast: Pain              |   101 |    11 ||   112
       Animate Skeleton  |    17 |     1 ||    18
  Use: Scroll            |     5 |       ||     5
Armor: Robe              |     5 |     2 ||     7
Dodge: Dodged            |    26 |     3 ||    29
